 Dungeon Crawl Stone Soup version 0.30.0 (webtiles) character file.

Game seed: 18055949335628330643

478070 jagoly the Crack Shot (level 27, -15/250 (258) HPs)
             Began as a Meteoran Hunter on May 20, 2023.
             Was the Champion of Jiyva.
             Killed from afar by a Tzitzimitl (19 damage)
             ... with a bolt of negative energy
             ... on level 8 of a ziggurat.
             The game lasted 04:58:45 (21710 turns).

jagoly the Crack Shot (Meteoran Hunter)            Turns: 21710, Time: 04:58:46

HP:   -15/250 (258) AC: 23    Str: 14    XL:     27
MP:   0/40          EV: 40    Int: 17    God:    Jiyva [******]
Gold: 1318          SH:  0    Dex: 34    Spells: 44/50 levels left

rFire   + . .        a - +9 longbow (freeze)
rCold   + . .        (shield currently unavailable)
rNeg    + . .        y - +2 scale mail {rF+}
rPois   +            (helmet restricted)
rElec   .            N - +0 cloak of the Doldrums {+Inv rN+ Slay+3 Stlth-}
rCorr   +            c - +1 pair of gloves of the Tormentor {Will- Dex+5 Slay+2}
SInv    .            B - +0 pair of boots
Will    +++++        z - amulet of guardian spirit
Stlth   ++           x - ring of poison resistance
HPRegen 2.21/turn    L - +5 ring of evasion
MPRegen 0.77/turn

%: guardian spirit
@: lethally poisoned (-15 -> -17), glowing, studying Short Blades, lightly
drained
A: sense surroundings 3, otherworldly, glowing, explore regen, antennae 2, claws
1, iridescent scales 2, clever 1, cold resistance 1, strong-willed 3, mutation
resistance 1, eyeballs 2, gelatinous body 2, tendrils, jelly absorbing missiles
a: Renounce Religion, Evoke Invisibility, Oozemancy, Slimify


You were on level 8 of a ziggurat.
You worshipped Jiyva.
Jiyva was exalted by your worship.
You visited 2 branches of the dungeon, and saw 19 of its levels.
You visited the Abyss 2 times.
You visited 1 ziggurat, and saw 8 of its levels.
You also visited: Sewer, Bailey and Gauntlet.

You collected 2233 gold pieces.
You spent 915 gold pieces at shops.

Inventory:

Hand Weapons
 a - a +9 longbow of freezing (weapon)
 b - the +3 greatsling "Punk" {acid, rCorr}
   (You found it in a Gauntlet)

   rCorr:     It protects you from acid and corrosion.
 h - a +2 longbow of flaming
 J - the +11 demon trident of Paqev {vamp, rCorr SInv Stlth+}
   (You found it on level 4 of a ziggurat)

   SInv:      It lets you see invisible.
   rCorr:     It protects you from acid and corrosion.
   Stlth:     It makes you more stealthy.
Missiles
 I - 11 javelins
 W - 16 poisoned darts
Armour
 c - the +1 pair of gloves of the Tormentor (worn) {Will- Dex+5 Slay+2}
   (You found it on level 4 of the Dungeon)

   Dex:       It affects your dexterity (+5).
   Slay:      It affects your accuracy & damage with ranged weapons and melee
   (+2).
   Will:      It decreases your willpower.
 v - a +0 helmet
 y - a +2 scale mail of fire resistance (worn)
 B - a +0 pair of boots (worn)
 N - the +0 cloak of the Doldrums (worn) {+Inv rN+ Slay+3 Stlth-}
   (You found it in a Gauntlet)

   Slay:      It affects your accuracy & damage with ranged weapons and melee
   (+3).
   rN:        It protects you from negative energy.
   +Inv:      It lets you turn invisible.
   Stlth:     It makes you less stealthy.
Jewellery
 e - the ring "Safaator" {rElec rF+}
   (You found it on level 3 of a ziggurat)

   [ring of protection from fire]

   rF:        It protects you from fire.
   rElec:     It insulates you from electricity.
 x - a ring of poison resistance (left hand)
 z - an amulet of guardian spirit (around neck)
 L - a +5 ring of evasion (right hand)
 O - a ring of see invisible
 P - a +4 ring of slaying
 U - a ring of protection from cold
 Y - a ring of flight
Wands
 n - a wand of digging (7)
 q - a wand of roots (10)
 E - a wand of charming (26)
 F - a wand of acid (7)
Scrolls
 g - 7 scrolls of teleportation
 i - 2 scrolls of magic mapping
 r - 6 scrolls of vulnerability
 s - a scroll of enchant weapon
 t - 8 scrolls of amnesia
 w - a scroll of enchant armour {unknown}
 A - 4 scrolls of fog
 C - 2 scrolls of butterflies
 G - 2 scrolls of immolation
 V - a scroll of fear
 X - a scroll of poison {unknown}
 Z - 2 scrolls of torment
Potions
 d - a potion of brilliance {unknown}
 f - 3 potions of might
 j - 2 potions of attraction
 k - 6 potions of heal wounds
 l - 11 potions of curing
 m - 6 potions of haste
 o - 5 potions of cancellation
 p - a potion of ambrosia {unknown}
 u - 2 potions of magic
 D - 2 potions of invisibility
 M - 6 potions of mutation
 Q - 3 potions of flight
 T - a potion of lignification {unknown}
Miscellaneous
 K - a phial of floods
 R - a box of beasts
 S - a tin of tremorstones (1/2)


   Skills:
 - Level 23.0 Fighting
 - Level 26.5 Ranged Weapons
 - Level 13.0 Armour
 - Level 23.5 Dodging
 - Level 13.0 Stealth
 - Level 12.0 Spellcasting
 - Level 8.0 Hexes
 - Level 8.0 Translocations
 * Level 0.2 Transmutations
 * Level 0.2 Earth Magic
 - Level 12.0 Evocations


You had 44 spell levels left.
You knew the following spells:

 Your Spells              Type           Power      Damage    Failure   Level
q - Apportation           Tloc           74%        N/A       1%          1
w - Passwall              Tmut/Erth      8%         N/A       28%         2
C - Portal Projectile     Hex/Tloc       74%        N/A       2%          3

Your spell library contained the following spells:

 Spells                   Type           Power      Damage    Failure   Level
 Gell's Gravitas          Tloc           37%        N/A       2%          3
 Teleport Other           Tloc           37%        N/A       2%          3
 Ensorcelled Hibernation  Hex/Ice        46%        N/A       6%          2
 Volatile Blastmotes      Fire/Tloc      46%        2d13      12%         3
 Sting                    Tmut/Pois      40%        1d5       19%         1
 Shock                    Conj/Air       40%        1d5       21%         1
 Summon Small Mammal      Summ           40%        N/A       21%         1
 Wereblood                Tmut           10%        N/A       28%         2
 Call Imp                 Summ           20%        N/A       30%         2
 Sublimation of Blood     Necr           10%        N/A       30%         2
 Frozen Ramparts          Ice            20%        1d4       52%         3
 Mephitic Cloud           Conj/Pois/Air  10%        N/A       52%         3
 Swiftness                Air            10%        N/A       52%         3
 Summon Forest            Summ/Tloc      11%        N/A       71%         5
 Summon Mana Viper        Hex/Summ       23%        N/A       71%         5
 Dispersal                Tloc           18%        N/A       75%         6
 Airstrike                Air            5%         2d(1-17)  89%         4
 Animate Dead             Necr           10%        N/A       89%         4
 Summon Ice Beast         Ice/Summ       10%        N/A       89%         4
 Agony                    Necr           10%        N/A       99%         5
 Alistair's Intoxication  Tmut/Pois      6%         N/A       99%         5
 Borgnjor's Vile Clutch   Necr/Erth      5%         N/A       99%         5
 Irradiate                Conj/Tmut      5%         3d13      99%         5
 Death Channel            Necr           5%         N/A       100%        6
 Summon Cactus Giant      Summ           5%         N/A       100%        6
 Spellforged Servitor     Conj/Summ      5%         N/A       100%        7
 Summon Hydra             Summ           5%         N/A       100%        7
 Summon Horrible Things   Summ           5%         N/A       100%        8


Dungeon Overview and Level Annotations

Branches:
Dungeon (15/15) Zot: 3943  Temple (0/1) D:5             Orc (0/2) D:11
 Vaults (0/5) D:13         Depths (4/4) D:15 Zot: 1007   Sewer (visited)
 Bailey (visited)         Gauntlet (visited)
   Lair: D:8-11         Zot: Depths:4

Altars:
Dithmenos
Ru
Vehumet
Zin

Shops:
D:12 !   Depths:1 :   Depths:4 ![[

Portals:
Abyss: Depths:2 Depths:3
Trove: Depths:4 (give +4 shadow dragon scales)

Annotations:
D:5 Grinder
Depths:2 1 runed translucent door


Innate Abilities, Weirdness & Mutations

You passively map a large area around you.
You are easily found by Zot.
You glow in the dark.
You regain HP and MP as you explore.
You have a pair of antennae on your head.
You have sharp fingernails.
You are mostly covered in iridescent scales. (AC +4)
Your mind is acute. (Int +4, Str/Dex -1)
Your flesh is cold resistant. (rC+)
You are extremely strong-willed. (Will+++)
You are somewhat resistant to further mutation.
Your body has grown many eyes which may confuse attackers. (Acc +5)
Your pliable body absorbs attacks. (AC +2, EV +2)
You are covered in slimy tendrils that may disarm your opponents.
You have a small jelly attached to you that may absorb projectiles.


Message History

Press: ? - help, Q - select action, (/) - cycle Shift-Dir - straight line, f/p - deep elf zephyrmancer
Aim: a deep elf zephyrmancer, wielding a +0 short sword and wearing a +2 scale mail of poison resistance (heavily wounded, 82% to hit)
You shoot an arrow. The arrow hits the deep elf pyromancer.
The arrow freezes the deep elf pyromancer.
You kill the deep elf pyromancer!
Fire: a) +8 longbow (freeze)
Press: ? - help, Q - select action, (/) - cycle Shift-Dir - straight line, f/p - deep elf zephyrmancer
Aim: a deep elf zephyrmancer, wielding a +0 short sword and wearing a +2 scale mail of poison resistance (heavily wounded, 82% to hit)
You shoot an arrow.
The arrow hits the deep elf zephyrmancer!!!
The arrow freezes the deep elf zephyrmancer.
You kill the deep elf zephyrmancer!
Fire: a) +8 longbow (freeze)
Press: ? - help, Q - select action, (/) - cycle Shift-Dir - straight line, f - deep elf pyromancer
Aim: a deep elf pyromancer, wielding a +0 rapier and wearing a +0 ring mail (82% to hit)
You shoot an arrow.
The arrow closely misses the deep elf pyromancer.
The deep elf pyromancer gestures wildly while chanting.
Fire: a) +8 longbow (freeze)
Press: ? - help, Q - select action, (/) - cycle Shift-Dir - straight line, f/p - deep elf pyromancer
Aim: a deep elf pyromancer, wielding a +0 rapier and wearing a +0 ring mail (82% to hit)
You shoot an arrow.
The arrow hits the deep elf pyromancer!!
The arrow freezes the deep elf pyromancer!
You kill the deep elf pyromancer!
The fire elemental disappears in a puff of smoke!
Items here: )) [ †.
Items here: )) [ †.
Found four items.
Found four items.
Found two gates leading back out of this place.
Found a stone staircase leading down.
Items here: )) [ †.
You see here the +4 consecrated labrys {holy, Valiant Fragile Fly SInv}.
You pick up the Octavo of the Congregation and begin reading...
You add the spells Call Imp and Summon Horrible Things to your library.
O - a ring of see invisible You see here a +0 demon whip of electrocution.
Y - a ring of flight
There is a gate leading back out of this place here.
M - 6 potions of mutation (gained 1)
There is a stone staircase leading down here.
You pick up a book of Blood and begin reading...
You add the spells Sublimation of Blood, Wereblood and Summon Hydra to your library.
There is a gate leading back out of this place here.
q - a wand of roots (8) (gained 5 charges)
There is a gate leading back out of this place here.
There is a stone staircase leading down here.
Okay, then.
Okay, then.
There is a gate leading back out of this place here.
Okay, then.
There is a stone staircase leading down here.
There is an empty arch of ancient stone here.
You start waiting.
Unknown command.
The emperor scorpion changes into an azure jelly!
A Brimstone Fiend and a brown ugly thing come into view.
Found four items.
The Brimstone Fiend roars!
You hear a shout!
Something moans, "I shall devour thy liver!"
You hear a shout!
A sphinx comes into view.
An apocalypse crab comes into view.
The Brimstone Fiend moves out of view.
The brown ugly thing moves out of view.
A Hodimoyj and a Killer Klown come into view.
The Killer Klown is wielding a +11 heavy club.
Fire: a) +8 longbow (freeze)
Press: ? - help, Q - select action, (/) - cycle Shift-Dir - straight line, f - Hodimoyj
Aim: Hodimoyj (73% to hit)
Okay, then.
Okay, then.
The Killer Klown moves out of view.
Fire: a) +8 longbow (freeze)
Press: ? - help, Q - select action, (/) - cycle Shift-Dir - straight line, f - sphinx
Aim: a sphinx (91% to hit)
You shoot an arrow. The arrow barely misses the sphinx.
Fire: a) +8 longbow (freeze)
Press: ? - help, Q - select action, (/) - cycle Shift-Dir - straight line, f/p - sphinx
Aim: a sphinx (91% to hit)
You shoot an arrow. The brown ugly thing gurgles horribly!
The arrow hits the sphinx!!!
The arrow freezes the sphinx!
The sphinx is severely wounded.
The azure jelly changes into a storm dragon!
The Killer Klown blinks!
Hodimoyj sneers, "I will devour thy skull!"
Fire: a) +8 longbow (freeze)
Press: ? - help, Q - select action, (/) - cycle Shift-Dir - straight line, f/p - sphinx
Aim: a sphinx (severely wounded, 91% to hit)
You shoot an arrow. The arrow hits the sphinx!!
The arrow freezes the sphinx.
The sphinx is almost dead.
The storm dragon changes into a hydra!
Fire: a) +8 longbow (freeze)
Press: ? - help, Q - select action, (/) - cycle Shift-Dir - straight line, f/p - sphinx
Aim: a sphinx (almost dead, 91% to hit)
You shoot an arrow.
The arrow hits the sphinx but does no damage.
The sphinx is almost dead.
Really release a tremorstone near the non-hostile six-headed hydra?
Okay, then.
Unknown command.
Okay, then.
Aiming: Fastroot
Press: ? - help, Shift-Dir - straight line, f/p - sphinx
Aim: a sphinx (almost dead)
The roots erupt in riotous growth!
Roots grab Hodimoyj.
Roots grab the sphinx.
The grasping roots constrict Hodimoyj!
The grasping roots constrict the sphinx!
You kill the sphinx!
Hodimoyj struggles to escape constriction. x2
Fire: a) +8 longbow (freeze)
Press: ? - help, Q - select action, (/) - cycle Shift-Dir - straight line, f - Hodimoyj
Aim: Hodimoyj (lightly wounded, constricted by roots, 93% to hit)
You shoot an arrow. The arrow hits Hodimoyj!!
The arrow freezes Hodimoyj!
Hodimoyj is lightly wounded.
The grasping roots constrict Hodimoyj!
Hodimoyj struggles to escape constriction.
Fire: a) +8 longbow (freeze)
Press: ? - help, Q - select action, (/) - cycle Shift-Dir - straight line, f/p - Hodimoyj
Aim: Hodimoyj (lightly wounded, constricted by roots, 93% to hit)
You shoot an arrow. The arrow hits Hodimoyj!!
The arrow freezes Hodimoyj!
Hodimoyj is moderately wounded.
The grasping roots constrict Hodimoyj!
The six-headed hydra changes into a radroach!
Hodimoyj struggles to escape constriction.
Fire: a) +8 longbow (freeze)
Press: ? - help, Q - select action, (/) - cycle Shift-Dir - straight line, f/p - Hodimoyj
Aim: Hodimoyj (moderately wounded, constricted by roots, 93% to hit)
You shoot an arrow. The arrow hits Hodimoyj!!!
The arrow freezes Hodimoyj.
Hodimoyj is heavily wounded.
The grasping roots constrict Hodimoyj!
The roots release their grip on Hodimoyj.
Fire: a) +8 longbow (freeze)
Press: ? - help, Q - select action, (/) - cycle Shift-Dir - straight line, f/p - Hodimoyj
Aim: Hodimoyj (severely wounded, 73% to hit)
You shoot an arrow. The arrow hits Hodimoyj!!
The arrow freezes Hodimoyj.
Hodimoyj is severely wounded.
Hodimoyj tramples you!
You stumble backwards!
The Killer Klown blinks!
Hodimoyj completely misses you.
Fire: a) +8 longbow (freeze)
Press: ? - help, Q - select action, (/) - cycle Shift-Dir - straight line, f/p - Hodimoyj
Aim: Hodimoyj (severely wounded, 73% to hit)
You shoot an arrow. The arrow hits Hodimoyj!
The arrow freezes Hodimoyj.
Hodimoyj is severely wounded.
The radroach changes into a tyrant leech!
Hodimoyj tramples you!
You stumble backwards!
The Brimstone Fiend misses the tyrant leech.
The Brimstone Fiend hits the tyrant leech! x2
Fire: a) +8 longbow (freeze)
Press: ? - help, Q - select action, (/) - cycle Shift-Dir - straight line, f/p - Hodimoyj
Aim: Hodimoyj (severely wounded, 73% to hit)
You shoot an arrow. The arrow hits Hodimoyj!
The arrow freezes Hodimoyj.
Hodimoyj is almost dead.
Hodimoyj closely misses you.
Fire: a) +8 longbow (freeze)
Press: ? - help, Q - select action, (/) - cycle Shift-Dir - straight line, p - Hodimoyj You shoot an arrow.
The arrow hits Hodimoyj.
The arrow freezes Hodimoyj.
Hodimoyj is almost dead.
The Brimstone Fiend hits the tyrant leech!
The Brimstone Fiend closely misses the tyrant leech.
The Brimstone Fiend misses the tyrant leech.
The apocalypse crab bites the tyrant leech!
The tyrant leech is engulfed in flames!
The apocalypse crab claws the tyrant leech!
The tyrant leech dies!
Hodimoyj tramples you but does no damage.
The brown ugly thing completely misses you.
Fire: a) +8 longbow (freeze)
Press: ? - help, Q - select action, (/) - cycle Shift-Dir - straight line You shoot an arrow.
The arrow hits Hodimoyj!!!
The arrow freezes Hodimoyj!
You kill Hodimoyj!
The Killer Klown pies you viciously! The klown pie hits you!!
Blueberry!
An unnatural silence engulfs you. The brown ugly thing misses you.
Fire: a) +8 longbow (freeze)
Press: ? - help, Q - select action, (/) - cycle Shift-Dir - straight line, f - Brimstone Fiend
Aim: a Brimstone Fiend (89% to hit)
You shoot an arrow. The arrow hits the Brimstone Fiend!
The arrow freezes the Brimstone Fiend!
The Brimstone Fiend is lightly wounded.
The Brimstone Fiend calls on the powers of darkness!
Your body is wracked with pain!
You shudder from the blast and a jelly pops out!
The brown ugly thing convulses!
Your azure jelly convulses!
The Killer Klown convulses!
The apocalypse crab barely misses you.
The apocalypse crab completely misses you.
Fire: a) +8 longbow (freeze)
Press: ? - help, Q - select action, (/) - cycle Shift-Dir - straight line, f/p - Brimstone Fiend
Aim: a Brimstone Fiend (lightly wounded, ally target, 89% to hit)
You shoot an arrow. The arrow hits the Brimstone Fiend!!!
The arrow freezes the Brimstone Fiend!
The Brimstone Fiend is severely wounded.
The brown ugly thing completely misses you.
The Brimstone Fiend completely misses you.
The Brimstone Fiend misses you. The Brimstone Fiend closely misses you.
Fire: a) +8 longbow (freeze)
Press: ? - help, Q - select action, (/) - cycle Shift-Dir - straight line, f/p - Brimstone Fiend
Aim: a Brimstone Fiend (severely wounded, ally target, 89% to hit)
You shoot an arrow.
The arrow barely misses the Brimstone Fiend.
The brown ugly thing completely misses you.
The Brimstone Fiend completely misses you.
The Brimstone Fiend barely misses you.
The Brimstone Fiend completely misses you.
Fire: a) +8 longbow (freeze)
Press: ? - help, Q - select action, (/) - cycle Shift-Dir - straight line, f/p - Brimstone Fiend
Aim: a Brimstone Fiend (severely wounded, ally target, 89% to hit)
You shoot an arrow. The arrow hits the Brimstone Fiend!
The arrow freezes the Brimstone Fiend.
The Brimstone Fiend is almost dead.
The Killer Klown completely misses you.
The brown ugly thing completely misses you.
Your azure jelly hits the Brimstone Fiend but does no damage.
Your azure jelly closely misses the Brimstone Fiend.
Your azure jelly hits the Brimstone Fiend but does no damage.
Your azure jelly hits the Brimstone Fiend!
The Brimstone Fiend hits your azure jelly! x2
The Brimstone Fiend closely misses your azure jelly.
Fire: a) +8 longbow (freeze)
Press: ? - help, Q - select action, (/) - cycle Shift-Dir - straight line, f/p - Brimstone Fiend
Aim: a Brimstone Fiend (almost dead, not watching you, ally target, 89% to hit)
You shoot an arrow. The arrow hits the Brimstone Fiend!!
The arrow freezes the Brimstone Fiend.
You kill the Brimstone Fiend!
The Killer Klown blinks!
The brown ugly thing barely misses you.
Your azure jelly completely misses the brown ugly thing.
Your azure jelly hits the brown ugly thing!
Your azure jelly freezes the brown ugly thing!!
Your azure jelly hits the brown ugly thing.
The brown ugly thing dies!
Your Fighting skill increases to level 23!
Fire: a) +8 longbow (freeze)
Press: ? - help, Q - select action, (/) - cycle Shift-Dir - straight line, f - apocalypse crab
Aim: an apocalypse crab (89% to hit)
You shoot an arrow. The arrow hits the apocalypse crab!!!
The arrow freezes the apocalypse crab.
You kill the apocalypse crab!
Your hearing returns.
Fire: a) +8 longbow (freeze)
Press: ? - help, Q - select action, (/) - cycle Shift-Dir - straight line You shoot an arrow.
The arrow hits the Killer Klown!
The arrow freezes the Killer Klown.
The Killer Klown is heavily wounded.
Your azure jelly hits the Killer Klown.
Your azure jelly freezes the Killer Klown!!
Your azure jelly completely misses the Killer Klown.
Your azure jelly hits the Killer Klown!
Your azure jelly barely misses the Killer Klown.
The Killer Klown completely misses your azure jelly.
Jiyva says: Divide and consume!
Fire: a) +8 longbow (freeze)
Press: ? - help, Q - select action, (/) - cycle Shift-Dir - straight line, f - Killer Klown
Aim: a Killer Klown, wielding a +11 heavy club (almost dead, not watching you, ally target, 78% to hit)
You shoot an arrow. The arrow hits the Killer Klown!!
The arrow freezes the Killer Klown!
You kill the Killer Klown!
Things that are here:
a +11 heavy club; a Killer Klown corpse
Found five items.
Found two gates leading back out of this place.
Found a stone staircase leading down.
You hear a slurping noise.
You hear a distant slurping noise.
You see here the +0 battleaxe "Meteoran's Peril" {venom, rElec rN++ MP+9}.
You hear a distant slurping noise.
You pick up a manual of Short Blades and begin studying.
You hear a distant slurping noise.
Your pack is full.
You see here a scroll labelled AKARETWENO.
You drop a wand of flame (5).
w - a scroll labelled AKARETWENO Your pack is full.
You see here 2 scrolls of enchant weapon.
As you read the scroll of enchant weapon, it crumbles to dust.
Your +8 longbow of freezing glows red for a moment.
As you read the scroll of brand weapon, it crumbles to dust.
Your +2 longbow of flaming is covered with a thin layer of ice!
h - a +2 longbow of freezing Your azure jelly dissolves into a puddle of slime!
As you read the scroll of brand weapon, it crumbles to dust.
Your +2 longbow of freezing craves living souls!
h - a +2 longbow of draining
As you read the scroll of brand weapon, it crumbles to dust.
Your +2 longbow of draining is engulfed in flames!
h - a +2 longbow of flaming
Okay, then.
Okay, then.
s - a scroll of enchant weapon You pick up a book of Party Tricks and begin reading...
You add the spells Apportation and Alistair's Intoxication to your library.
There is a gate leading back out of this place here.
q - a wand of roots (10) (gained 3 charges)
There is a stone staircase leading down here.
You pick up a book of Burglary and begin reading...
You add the spells Passwall and Ensorcelled Hibernation to your library.
There is a gate leading back out of this place here.
Memorise Apportation, consuming 1 spell level and leaving 46?
You start memorising the spell.
You continue memorising.
You hear a slurping noise.
You finish memorising.
Spell assigned to 'a'.
Adjust (i)tems, (s)pells, or (a)bilities?
Adjust which spell? a - Apportation Adjust to which letter? q - Apportation This spell is mildly dangerous to cast.
Memorise Passwall, consuming 2 spell levels and leaving 44?
You start memorising the spell.
You continue memorising. x2
You finish memorising.
Spell assigned to 'a'.
Adjust (i)tems, (s)pells, or (a)bilities?
Adjust which spell? a - Passwall Adjust to which letter? w - Passwall You hear a slurping noise.
There is a stone staircase leading down here.
There is a gate leading back out of this place here.
Okay, then.
Okay, then.
Okay, then.
You swap places.
There is a stone staircase leading down here.
You hear a slurping noise.
HP restored.
There is an empty arch of ancient stone here.
You start waiting.
Unknown command.
You hear a distant slurping noise.
A hellion comes into view.
Found three items.
Fire: a) +9 longbow (freeze)
Press: ? - help, Q - select action, (/) - cycle Shift-Dir - straight line, f - hellion
Aim: a hellion (asleep, 98% to hit)
You shoot an arrow. The arrow hits the hellion!!
The arrow freezes the hellion.
The hellion gives a hideous shriek!
The hellion is heavily wounded.
You hear a roar!
You hear a chilling moan.
A doom hound comes into view.
Fire: a) +9 longbow (freeze)
Press: ? - help, Q - select action, (/) - cycle Shift-Dir - straight line, f - doom hound
Aim: a doom hound (wandering, ready to howl, hasn't noticed you, 81% to hit)
You shoot an arrow. The doom hound barks!
The arrow hits the doom hound!!
The arrow freezes the doom hound.
The doom hound is moderately wounded.
A Tzitzimitl comes into view.
A doom hound comes into view.
Fire: a) +9 longbow (freeze)
Press: ? - help, Q - select action, (/) - cycle Shift-Dir - straight line, f/p - doom hound
Aim: a doom hound (moderately wounded, 81% to hit)
You shoot an arrow. The doom hound barks!
The arrow hits the doom hound!!
The arrow freezes the doom hound.
The doom hound is heavily wounded.
You hear a roar!
You hear a bark!
A hellion comes into view.
A putrid mouth comes into view.
Fire: a) +9 longbow (freeze)
Press: ? - help, Q - select action, (/) - cycle Shift-Dir - straight line, f/p - doom hound
Aim: a doom hound (heavily wounded, 81% to hit)
You shoot an arrow. The arrow misses the doom hound.
The hellion gives a hideous shriek!
The arrow hits the hellion!
The arrow freezes the hellion.
The hellion is heavily wounded.
You hear a hideous shriek!
A Tzitzimitl comes into view.
A hellion comes into view.
Fire: a) +9 longbow (freeze)
Press: ? - help, Q - select action, (/) - cycle Shift-Dir - straight line, f/p - doom hound
Aim: a doom hound (heavily wounded, 81% to hit)
You shoot an arrow.
The arrow completely misses the doom hound.
The arrow hits the hellion!
The arrow freezes the hellion.
The hellion is almost dead.
The hellion gestures at you.
The sphere of damnation explodes!
The damnation engulfs you!!
Fire: a) +9 longbow (freeze)
Press: ? - help, Q - select action, (/) - cycle Shift-Dir - straight line, f/p - doom hound
Aim: a doom hound (heavily wounded, 81% to hit)
Okay, then.
Fire: a) +9 longbow (freeze)
Press: ? - help, Q - select action, (/) - cycle Shift-Dir - straight line, f/p - doom hound
Aim: a doom hound (heavily wounded, 81% to hit)
You shoot an arrow.
The arrow completely misses the doom hound.
The arrow hits the doom hound!!
The arrow freezes the doom hound.
The doom hound is moderately wounded.
You hear a bark!
A doom hound comes into view.
Fire: a) +9 longbow (freeze)
Press: ? - help, Q - select action, (/) - cycle Shift-Dir - straight line, f/p - doom hound
Aim: a doom hound (heavily wounded, 81% to hit)
You shoot an arrow. The arrow barely misses the doom hound.
The arrow closely misses the hellion.
The arrow closely misses the doom hound.
The doom hound unleashes a terrible howl, but you resist with almost no effort. x3
The hellion gestures at you.
The sphere of damnation explodes!
The damnation engulfs you!!
The tremorstone explodes into fragments!
The burst of rock shards engulfs the Tzitzimitl!
The burst of rock shards engulfs the doom hound! x2
The burst of rock shards engulfs the putrid mouth!
The burst of rock shards engulfs the hellion!
You kill the hellion!
The burst of rock shards engulfs you but does no damage.
The burst of rock shards engulfs the Tzitzimitl.
The burst of rock shards engulfs the doom hound!
The burst of rock shards engulfs the doom hound but does no damage.
The burst of rock shards engulfs the putrid mouth!
The burst of rock shards engulfs you but does no damage.
The burst of rock shards engulfs the putrid mouth!
The burst of rock shards engulfs the doom hound!
The burst of rock shards engulfs the Tzitzimitl.
The burst of rock shards engulfs the Tzitzimitl but does no damage.
The burst of rock shards engulfs the doom hound!!
The burst of rock shards engulfs the hellion!
The burst of rock shards engulfs the Tzitzimitl!
The burst of rock shards engulfs the putrid mouth!
The burst of rock shards engulfs the doom hound.
The burst of rock shards engulfs the hellion!
The burst of rock shards engulfs the doom hound!
The burst of rock shards engulfs the Tzitzimitl!
The doom hound bites you but does no damage.
The doom hound completely misses you.
The Tzitzimitl calls on the powers of darkness!
Your body is wracked with pain!
You shudder from the blast and a jelly pops out!
The Tzitzimitl calls on the powers of darkness!
Your body is wracked with pain!
* * * LOW HITPOINT WARNING * * *
Your quicksilver ooze convulses!
Okay, then.
Okay, then.
Okay, then.
Unknown command.
Unknown command.
Okay, then.
Okay, then.
Okay, then.
Blink to where?
Press: ? - help, Dir - move target, p - doom hound
Found nine items.
Found two gates leading back out of this place.
Found a stone staircase leading down.
As you read the scroll of blinking, it crumbles to dust.
The hellion gestures at you.
The sphere of damnation explodes!
The damnation engulfs you!
* * * LOW HITPOINT WARNING * * *
The doom hound unleashes a terrible howl, but you resist with almost no effort.
The putrid mouth throws miasma at you.
The foul vapour engulfs the hellion.
The hellion completely resists.
Unknown command.
Unknown command.
Unknown command.
Unknown command.
Unknown command.
Unknown command.
Unknown command.
You are engulfed in dark miasma.
You are poisoned.
You feel very sick. The hellion gestures at you.
The sphere of damnation explodes!
The damnation engulfs you!
* * * LOW HITPOINT WARNING * * *
The doom hound unleashes a terrible howl, but you resist with almost no effort.
The Tzitzimitl calls on the powers of darkness!
Your quicksilver ooze convulses!
Your body is wracked with pain!
* * * LOW HITPOINT WARNING * * *
You see here a wand of flame (9).
Unknown command.
Unknown command.
Unknown command.
Unknown command.
Unknown command.
Unknown command.
Press: ? - help, v - describe, . - travel, g - get item
Here: a hellion (foul pestilence, heavily wounded) Item here: a book of the Wilderness.
The floor.
Unknown command.
Unknown command.
The doom hound attacks as you move away!
The doom hound bites you but does no damage.
The eyeballs on your body gaze at the doom hound.
The doom hound claws you!
* * * LOW HITPOINT WARNING * * *
You feel very sick.
Your quicksilver ooze hits the Tzitzimitl!!
Your quicksilver ooze engulfs the Tzitzimitl!
Your quicksilver ooze hits the Tzitzimitl!
The Tzitzimitl's magic leaks into the air.
The hellion gestures at you.
The sphere of damnation explodes!
The damnation engulfs you!!
* * * LOW MAGIC WARNING * * *;
* * * LOW HITPOINT WARNING * * *
The Tzitzimitl gestures at you.
The bolt of negative energy hits the doom hound.
The doom hound completely resists.
The bolt of negative energy hits you!! You partially resist.
You feel drained.
* * * LOW MAGIC WARNING * * *
You die...

▓▓▓▓▓▓▓▓▓▓▓
▓.........▓
▓▓▓▓▓.........▓▓▓▓
▓.................
▓.................
▓)?...J...........
▓∩=°°1°...........
▓>2°h°1h..§......∩
▓@[°2°Wh..........
▓)................
▓.................
▓.................
▓▓▓▓▓.........▓▓▓▓
▓.........▓
▓▓▓▓▓▓▓▓▓▓▓


You could see 3 doom hounds, 2 Tzitzimimeh, a putrid mouth (catching breath), 2
hellions and a friendly quicksilver ooze (summoned).

Vanquished Creatures
  A pandemonium lord (Zig:7)
  3 dread liches (Abyss:2)
  3 ancient liches (Abyss:2)
  Josephina (Depths:4)
  A Killer Klown (Zig:7)
  4 profane servitors (Abyss:2)
  Jory (Depths:3)
  20 bone dragons (Abyss:2)
  A Brimstone Fiend (Zig:7)
  3 hellephants (Abyss:2)
  2 Hell Sentinels (Abyss:2)
  A shard shrike zombie (Abyss:2)
  12 liches
  4 tentacled monstrosities
  2 Executioners (Abyss:2)
  A sphinx (shapeshifter) (Zig:7)
  81 tentacled starspawn
  A kraken (Abyss:2)
  3 storm dragons
  2 tengu reavers (Depths:4)
  2 draconian monks
  A fire giant (shapeshifter) (Zig:2)
  2 fire giants
  A draconian scorcher (Zig:3)
  A frost giant (Depths:2)
  2 caustic shrike zombies
  5 daevas
  2 draconian stormcallers (Abyss:2)
  3 balrugs (Abyss:2)
  3 angels
  3 deep elf elementalists (Abyss:2)
  2 deep elf sorcerers (Abyss:2)
  7 cacodemons (Abyss:2)
  4 reapers
  A draconian shifter (Abyss:2)
  A juggernaut zombie (Abyss:2)
  A juggernaut skeleton (Abyss:2)
  A demonspawn blood saint (Zig:3)
  3 ophanim (Abyss:2)
  8 stone giants
  23 very ugly things
  2 caustic shrike skeletons (Abyss:2)
  2 vampire knights
  A deep elf demonologist (Abyss:2)
  3 purple draconians (Abyss:2)
  223 starcursed masses
  2 green draconians
  A minotaur (Gauntlet)
  3 black draconians (Abyss:2)
  Azrael (D:15)
  2 white draconians
  3 spark wasps
  A yellow draconian (Abyss:1)
  3 lorocyprocas
  2 eidola (Abyss:2)
  5 blizzard demons
  2 red draconians
  2 ettins
  5 green deaths
  A quicksilver dragon zombie (Abyss:2)
  4 fire dragons
  4 ice dragons
  15 rakshasas
  A juggernaut simulacrum (Abyss:2)
  Erolcha (D:13)
  2 salamander tyrants (Zig:5)
  A caustic shrike simulacrum (Depths:4)
  2 ogre magi
  A catoblepas (Abyss:1)
  2 hydras (D:15)
  A hydra (shapeshifter) (Zig:2)
  3 spriggan air magi
  2 centaur warriors (D:15)
  10 deep troll shamans
  11 two-headed ogres
  A death knight (Abyss:2)
  A boulder beetle (D:11)
  2 deep troll earth magi
  2 naga warriors (Abyss:2)
  A dancing weapon (Zig:6)
  11 hell hogs (Abyss:2)
  2 vampire magi
  Urug (D:13)
  58 thrashing horrors
  A spriggan berserker (Depths:1)
  4 tengu warriors
  3 soul eaters (Abyss:2)
  A naga sharpshooter (Zig:5)
  7 hell knights
  64 wretched stars
  A fire crab (shapeshifter) (D:14)
  9 shadow wraiths (Abyss:2)
  4 skeletal warriors
  A titan skeleton (Depths:1)
  A storm dragon zombie (Abyss:2)
  19 sixfirhies
  3 bunyip zombies
  A fire crab (Gauntlet)
  7 sun demons (Abyss:2)
  A death drake (Abyss:2)
  8 iron trolls
  2 spatial maelstroms
  5 shadow demons (Abyss:2)
  3 flayed ghosts (Abyss:2)
  15 deep trolls
  An iron giant zombie (Abyss:2)
  A death drake (shapeshifter) (Abyss:2)
  An iron giant skeleton (Abyss:2)
  2 spriggan simulacra
  3 wizards
  8 necromancers
  A deep elf archer (Zig:6)
  2 orc knights
  3 anaconda skeletons (Abyss:2)
  4 phantasmal warriors
  2 deep elf zephyrmancers (Zig:6)
  A mana viper (Abyss:2)
  40 ugly things
  3 cyclopes
  20 worldbinders
  An orc sorcerer (Abyss:2)
  4 deep elf pyromancers
  A salamander (Abyss:2)
  2 manticores (D:14)
  2 stone giant zombies
  4 will-o-the-wisps (Abyss:2)
  A salamander (shapeshifter) (Abyss:2)
  A naga mage (Zig:5)
  4 rust devils
  9 apocalypse crabs
  2 stone giant skeletons
  3 guardian serpents
  2 titan simulacra
  57 smoke demons
  3 black mambas (Zig:5)
  3 gargoyles
  16 orange demons (Abyss:2)
  A centaur skeleton (Abyss:2)
  5 demonic crawlers (Abyss:2)
  18 unseen horrors
  4 hellions
  2 kobold demonologists
  A minotaur zombie (Gauntlet)
  A dire elephant skeleton (Abyss:2)
  A naga skeleton (Abyss:2)
  3 spriggan zombies
  6 tormentors (Abyss:2)
  6 freezing wraiths
  11 efreet
  A golden dragon simulacrum (Depths:4)
  2 tengu conjurers
  3 ice devils (Abyss:2)
  47 ancient zymes
  2 silent spectres (Abyss:2)
  A harpy zombie (Abyss:2)
  2 trolls (D:13)
  A tyrant leech (Gauntlet)
  A guardian mummy (D:15)
  A polar bear (shapeshifter) (Abyss:2)
  A wind drake (shapeshifter) (Abyss:2)
  71 raiju
  A harpy skeleton (Abyss:2)
  2 hornets (shapeshifter)
  12 hellwings
  13 blink frogs (Abyss:2)
  3 ettin zombies (Abyss:2)
  A stone giant simulacrum (Depths:1)
  14 flying skulls
  3 shadows (Abyss:2)
  160 large abominations
  2 water elementals (Abyss:2)
  4 ettin skeletons
  2 spriggans (shapeshifter) (Abyss:2)
  2 air elementals
  5 vampires
  40 ynoxinuls
  10 yaks
  2 humans (D:8)
  A yak (shapeshifter) (D:14)
  12 fire bats
  8 fire elementals
  10 wraiths
  32 chaos spawn
  25 neqoxecs
  A steam dragon (D:7)
  2 nagas (Abyss:2)
  8 vampire mosquitoes
  9 spatial vortices
  A swamp worm (Gauntlet)
  2 wargs
  3 harpy simulacra
  An acid dragon (D:13)
  6 hell hounds
  15 orc warriors
  A black bear (D:7)
  3 ice beasts (Abyss:2)
  2 sky beasts
  An ettin simulacrum (Zig:1)
  6 ogres
  152 small abominations
  3 centaurs
  3 kobold brigands
  2 scorpions
  2 bullfrogs (D:7)
  A naga simulacrum (Abyss:2)
  A gnoll sergeant (D:8)
  A glowing shapeshifter simulacrum (Depths:4)
  15 wights
  12 killer bees
  A troll skeleton (D:13)
  5 spriggan skeletons (D:13)
  An electric eel (D:10)
  3 howler monkeys (D:13)
  7 crimson imps (Abyss:2)
  A jelly (Sewer)
  17 quasits (Abyss:2)
  4 hounds
  12 orc priests
  2 gnoll boudas
  2 iguanas
  22 iron imps
  10 orc wizards
  5 adders
  12 gnolls
  4 river rats (Sewer)
  2 shadow imps
  29 white imps
  23 ufetubi
  A dart slug (D:4)
  45 orcs
  6 ball pythons
  9 endoplasms
  4 giant cockroaches
  7 goblins
  4 hobgoblins
  22 kobolds
  A quokka (D:4)
  2 bats
  4 frilled lizards (Sewer)
  6 rats (Sewer)
  14 lurking horrors
  31 starspawn tentacles
2120 creatures vanquished.

Vanquished Creatures (collateral kills)
  A death knight (Abyss:2)
  2 large abominations (Abyss:2)
  A wretched star (Abyss:1)
  A starcursed mass (Abyss:2)
  An ugly thing (Zig:7)
  2 orange demons (Abyss:2)
  2 smoke demons (Abyss:2)
  A blink frog (Abyss:2)
  A wraith (Abyss:2)
  4 small abominations (Abyss:2)
  A wight (Abyss:2)
  An ufetubus (Abyss:2)
18 creatures vanquished.

Vanquished Creatures (others)
  An azure jelly (Abyss:2)
  A draconian stormcaller (Zig:4)
  10 great orbs of eyes (Abyss:2)
  An anaconda (shapeshifter) (Abyss:2)
  6 glowing orange brains
  A swamp dragon (shapeshifter) (Depths:2)
  A deep elf pyromancer (D:13)
  A worldbinder (Abyss:1)
  A guardian serpent (Abyss:2)
  An eye of devastation (shapeshifter) (Abyss:2)
  3 smoke demons (Abyss:2)
  A titan simulacrum (Depths:4)
  A large abomination (Abyss:2)
  An eye of devastation (Abyss:2)
  3 yaktaurs (D:13)
  An ancient zyme (Abyss:2)
  2 raiju (Abyss:2)
  A blink frog (Abyss:2)
  A tyrant leech (shapeshifter) (Zig:7)
  A slime creature (shapeshifter) (Abyss:2)
  5 slime creatures
  A centaur simulacrum (Abyss:2)
  8 small abominations (Abyss:2)
  A water elemental (Zig:6)
  A ynoxinul (Abyss:2)
  9 golden eyes
  A starcursed mass (Abyss:2)
  A fire elemental (Zig:6)
  A naga (Abyss:2)
  A chaos spawn (Abyss:2)
  97 jellies
  A quasit (Abyss:2)
  An orc priest (D:11)
  2 hounds
  An iron imp (Abyss:1)
  An orc wizard (D:11)
  An adder (D:6)
  A gnoll (D:8)
  2 ufetubi (Abyss:2)
  3 orcs (D:11)
  5 goblins
  A frilled lizard (D:11)
  4 demonic plants (Gauntlet)
  6 foxfires (Abyss:2)
  4 fungi (Gauntlet)
  2 lurking horrors (Abyss:2)
  45 plants
  160 starspawn tentacles
  12 tentacles (Abyss:2)
  2 withered plants (D:15)
419 creatures vanquished.

Grand Total: 2557 creatures vanquished

Notes
Turn   | Place    | Note
-------+----------+-------------------------------------------
     0 | D:1      | jagoly the Meteoran Hunter began the quest for the Orb.
     0 | D:1      | Reached XP level 1. HP: 17/17 MP: 2/2
    61 | D:2      | Reached XP level 2. HP: 24/24 MP: 3/3
   179 | D:4      | Reached skill level 1 in Stealth
   181 | D:4      | Identified the +9 sling of Putrescence {flame, rC+ Will-
                  | Int+6}
   205 | D:4      | Found a large runed translucent door.
   205 | D:4      | Found a large runed translucent door.
   219 | D:4      | Found a shadowy altar of Dithmenos.
   224 | D:4      | Found a radiant altar of Vehumet.
   229 | D:4      | Reached XP level 3. HP: 27/30 MP: 4/4
   253 | D:5      | Entered Level 5 of the Dungeon
   254 | D:5      | Noticed an ogre
   270 | D:4      | Reached skill level 5 in Ranged Weapons
   270 | D:4      | Reached XP level 4. HP: 18/37 MP: 5/5
   313 | D:4      | Reached XP level 5. HP: 44/45 MP: 6/6
   506 | D:4      | Reached XP level 6. HP: 51/51 MP: 7/7
   506 | D:4      | Found a glowing drain.
   515 | Sewer    | Entered a sewer
   534 | Sewer    | Reached skill level 6 in Ranged Weapons
   639 | Sewer    | Found a viscous altar of Jiyva.
   647 | Sewer    | Became a worshipper of Jiyva Jefrist the Shapeless
   713 | D:5      | Killed an ogre
   714 | D:5      | Reached XP level 7. HP: 59/59 MP: 8/8
   721 | D:5      | Noticed Grinder
   723 | D:5      | Reached skill level 7 in Ranged Weapons
   989 | D:4      | Identified the +1 pair of gloves of the Tormentor {Will-
                  | Dex+5 Slay+2}
  1023 | D:5      | Reached skill level 8 in Ranged Weapons
  1032 | D:5      | Reached XP level 8. HP: 66/66 MP: 9/9
  1043 | D:5      | Found a staircase to the Ecumenical Temple.
  1123 | D:5      | Identified the ring of the Dropbear {Ice MP+9}
  1158 | D:6      | Reached skill level 9 in Ranged Weapons
  1160 | D:6      | Reached * piety under Jiyva
  1287 | D:7      | Reached skill level 10 in Ranged Weapons
  1295 | D:7      | Gained mutation: You passively map the area around you.
                  | [Meteoran growth]
  1295 | D:7      | Reached XP level 9. HP: 71/71 MP: 10/10
  1323 | D:7      | Reached skill level 11 in Ranged Weapons
  1452 | D:7      | Reached ** piety under Jiyva
  1491 | D:8      | Reached skill level 12 in Ranged Weapons
  1491 | D:8      | Reached skill level 5 in Dodging
  1534 | D:8      | Reached skill level 5 in Fighting
  1560 | D:8      | Reached XP level 10. HP: 77/81 MP: 11/11
  1657 | D:8      | Found a flagged portal.
  1663 | Bailey   | Entered a bailey
  1672 | Bailey   | Noticed an orc warlord
  1672 | Bailey   | Found the +9 sword of Zonguldrok {reap}
  1719 | Bailey   | Reached skill level 13 in Ranged Weapons
  1734 | Bailey   | Found a runed translucent gate.
  1736 | Bailey   | Found a runed translucent gate.
  1738 | Bailey   | Found a runed translucent gate.
  1744 | Bailey   | Noticed an orc knight
  1770 | Bailey   | Killed an orc knight
  1942 | D:8      | Acquired a +4 longbow of freezing
  2089 | D:9      | Reached XP level 11. HP: 83/91 MP: 12/12
  2106 | D:9      | Reached skill level 14 in Ranged Weapons
  2128 | D:9      | Reached *** piety under Jiyva
  2169 | D:9      | You fall into a shaft and drop 2 floors!
  2169 | D:11     | Gained mutation: Armour fits poorly on your pseudopods.
                  | [Jiyva's grace]
  2169 | D:11     | Gained mutation: Armour fits poorly on your large
                  | pseudopods. [Jiyva's grace]
  2169 | D:11     | Gained mutation: Armour fits poorly on your massive
                  | pseudopods. [Jiyva's grace]
  2169 | D:11     | Gained mutation: Your muscles are strong. (Str +4, Int/Dex
                  | -1) [Jiyva's grace]
  2188 | D:11     | Noticed a boulder beetle
  2200 | D:11     | Killed a boulder beetle
  2218 | D:10     | Entered Level 10 of the Dungeon
  2450 | D:11     | Reached skill level 15 in Ranged Weapons
  2477 | D:11     | Noticed a cyclops
  2481 | D:11     | Killed a cyclops
  2493 | D:12     | Found Cucill's Distillery.
  2497 | D:12     | Bought a potion of curing for 45 gold pieces
  2497 | D:12     | Bought a potion of degeneration for 15 gold pieces
  2497 | D:12     | Bought 2 potions of heal wounds for 150 gold pieces
  2525 | D:12     | Reached **** piety under Jiyva
  2552 | D:12     | Noticed a tengu warrior
  2554 | D:12     | Noticed a tengu warrior
  2559 | D:12     | Killed a tengu warrior
  2563 | D:12     | Killed a tengu warrior
  2564 | D:12     | Reached XP level 12. HP: 79/103 MP: 13/13
  2891 | D:12     | Noticed a two-headed ogre
  2895 | D:12     | Killed a two-headed ogre
  2991 | D:13     | Noticed a two-headed ogre
  2991 | D:13     | Noticed a two-headed ogre
  2991 | D:13     | Noticed an ogre mage
  3001 | D:13     | Killed a two-headed ogre
  3002 | D:13     | Reached skill level 16 in Ranged Weapons
  3076 | D:13     | Reached ***** piety under Jiyva
  3169 | D:13     | Noticed a wizard
  3173 | D:13     | Noticed Urug
  3185 | D:13     | Killed Urug
  3194 | D:13     | Killed a wizard
  3207 | D:13     | Noticed Erolcha
  3212 | D:13     | Killed Erolcha
  3213 | D:13     | Reached skill level 10 in Dodging
  3214 | D:13     | Found a gate to the Vaults.
  3237 | D:13     | Noticed a two-headed ogre
  3243 | D:13     | Killed a two-headed ogre
  3289 | D:14     | Noticed a fire crab
  3294 | D:14     | Killed a fire crab
  3314 | D:14     | Noticed a deep elf pyromancer
  3326 | D:14     | Reached skill level 10 in Fighting
  3330 | D:14     | Reached XP level 13. HP: 113/113 MP: 14/14
  3338 | D:14     | Reached skill level 17 in Ranged Weapons
  3406 | D:14     | Found a gate leading to a gauntlet.
  3423 | Gauntlet | Entered a Gauntlet
  3423 | Gauntlet | Found a transporter.
  3426 | Gauntlet | Found a transporter.
  3426 | Gauntlet | Noticed a hell hog
  3427 | Gauntlet | Found a transporter.
  3427 | Gauntlet | Found the ring of the Tortoise {AC+8}
  3428 | Gauntlet | Found a transporter.
  3431 | Gauntlet | Found a transporter.
  3432 | Gauntlet | Found a transporter.
  3437 | Gauntlet | Noticed a death scarab
  3438 | Gauntlet | Noticed a death scarab
  3440 | Gauntlet | Found the +3 greatsling "Punk" {acid, rCorr}
  3442 | Gauntlet | Found a transporter.
  3443 | Gauntlet | Lost mutation: Armour fits poorly on your massive
                  | pseudopods. [Jiyva's grace]
  3443 | Gauntlet | Gained mutation: You possess an exceptional clarity of
                  | mind. [Jiyva's grace]
  3443 | Gauntlet | Gained mutation: You expend magic power (3 MP) to
                  | strengthen your wands. [Jiyva's grace]
  3443 | Gauntlet | Gained mutation: Your rubbery body absorbs attacks. (AC +1,
                  | EV +1) [Jiyva's grace]
  3443 | Gauntlet | Gained mutation: Your pliable body absorbs attacks. (AC +2,
                  | EV +2) [Jiyva's grace]
  3444 | Gauntlet | Found a transporter.
  3456 | Gauntlet | Noticed a reaper
  3459 | Gauntlet | Found a transporter.
  3476 | Gauntlet | Found a transporter.
  3480 | Gauntlet | Found a transporter.
  3489 | Gauntlet | Found a transporter.
  3582 | Gauntlet | Reached skill level 18 in Ranged Weapons
  3608 | Gauntlet | Identified the +0 cloak of the Doldrums {+Inv rN+ Slay+3
                  | Stlth-}
  3644 | Gauntlet | Identified the amulet of Sic Hoimivi {Acrobat Will- MP+9
                  | Int+8 Stlth-}
  3644 | Gauntlet | Noticed a minotaur
  3652 | Gauntlet | Killed a minotaur
  3702 | D:14     | Acquired 992 gold pieces
  3937 | D:14     | Reached skill level 5 in Stealth
  3937 | D:14     | Reached XP level 14. HP: 122/122 MP: 15/15
  4049 | D:15     | Entered Level 15 of the Dungeon
  4242 | D:15     | Found a staircase to the Depths.
  4518 | D:15     | Reached XP level 15. HP: 134/134 MP: 16/16
  4777 | D:15     | Noticed Azrael
  4785 | D:15     | Killed Azrael
  5375 | D:11     | Lost mutation: Armour fits poorly on your large pseudopods.
                  | [Jiyva's grace]
  5375 | D:11     | Lost mutation: You expend magic power (3 MP) to strengthen
                  | your wands. [Jiyva's grace]
  5375 | D:11     | Gained mutation: Your body has grown eyes which may confuse
                  | attackers. (Acc +3) [Jiyva's grace]
  5375 | D:11     | Gained mutation: Your body has grown many eyes which may
                  | confuse attackers. (Acc +5) [Jiyva's grace]
  5375 | D:11     | Gained mutation: Your body is covered in eyes which may
                  | confuse attackers. (Acc +7, SInv) [Jiyva's grace]
  5375 | D:11     | Gained mutation: Your gelatinous body deflects attacks. (AC
                  | +3, EV +3) [Jiyva's grace]
  5402 | D:11     | Found a sacrificial altar of Ru.
  5496 | D:11     | Found a staircase to the Orcish Mines.
  5777 | D:12     | Bought a potion of curing for 45 gold pieces
  5777 | D:12     | Bought a potion of magic for 120 gold pieces
  5889 | Depths:1 | Entered Level 1 of the Depths
  5895 | Depths:1 | Noticed a vampire knight
  5895 | Depths:1 | Noticed a cyan very ugly thing
  5895 | Depths:1 | Noticed a cyan very ugly thing
  5895 | Depths:1 | Noticed a cyan very ugly thing
  5941 | Depths:1 | Found a glowing silver altar of Zin.
  5955 | Depths:1 | Noticed a purple very ugly thing
  5957 | Depths:1 | Noticed a purple very ugly thing
  5971 | Depths:1 | Killed a purple very ugly thing
  5976 | Depths:1 | Noticed a purple very ugly thing
  5979 | Depths:1 | Killed a green very ugly thing
  5984 | Depths:1 | Killed a green very ugly thing
  5996 | Depths:2 | Noticed a stone giant
  5996 | Depths:2 | Noticed a stone giant
  6004 | Depths:2 | Killed a stone giant
  6050 | Depths:1 | Noticed a stone giant
  6055 | Depths:1 | Killed a stone giant
  6081 | Depths:1 | Reached skill level 5 in Armour
  6150 | Depths:1 | Noticed a stone giant
  6157 | Depths:1 | Killed a stone giant
  6158 | Depths:1 | Reached XP level 16. HP: 143/147 MP: 17/17
  6158 | Depths:1 | Found Iptiyxue's Tiny Tomes.
  6162 | Depths:1 | Bought Oczaul's Enchiridion on Correspondence for 120 gold
                  | pieces
  6229 | Depths:1 | Noticed a fire giant
  6245 | Depths:1 | Killed a fire giant
  6272 | Depths:2 | Noticed a storm dragon
  6272 | Depths:2 | Reached ****** piety under Jiyva
  6289 | Depths:1 | Killed a storm dragon
  6337 | Depths:2 | Noticed a frost giant
  6350 | Depths:2 | Killed a frost giant
  6351 | Depths:2 | Found a one-way gate to the infinite horrors of the Abyss.
  6371 | Depths:2 | Voluntarily entered the Abyss.
  6427 | Abyss:1  | Reached skill level 15 in Dodging
  6543 | Abyss:1  | Found a corrupted altar of Lugonu.
  6575 | Abyss:1  | Lost mutation: Your body is covered in eyes which may
                  | confuse attackers. (Acc +7, SInv) [Jiyva's grace]
  6575 | Abyss:1  | Lost mutation: Your body has grown many eyes which may
                  | confuse attackers. (Acc +5) [Jiyva's grace]
  6575 | Abyss:1  | Lost mutation: Your gelatinous body deflects attacks. (AC
                  | +3, EV +3) [Jiyva's grace]
  6575 | Abyss:1  | Gained mutation: You are covered in slimy tendrils that may
                  | disarm your opponents. [Jiyva's grace]
  6575 | Abyss:1  | Gained mutation: Your gelatinous body deflects attacks. (AC
                  | +3, EV +3) [Jiyva's grace]
  6575 | Abyss:1  | Gained mutation: You are strong-willed. (Will+) [Jiyva's
                  | grace]
  6575 | Abyss:1  | Gained mutation: You are highly strong-willed. (Will++)
                  | [Jiyva's grace]
  6588 | Abyss:1  | Noticed a tentacled starspawn
  6592 | Abyss:1  | Killed a tentacled starspawn
  6617 | Abyss:1  | Identified the +0 tower shield of Vlad {rN+ Str+2 Stlth-}
  6617 | Abyss:1  | Noticed a daeva
  6627 | Abyss:1  | Killed a daeva
  6628 | Abyss:1  | Reached skill level 15 in Fighting
  6647 | Abyss:1  | Found a corrupted altar of Lugonu.
  6832 | Abyss:1  | Noticed a tentacled starspawn
  6835 | Abyss:1  | Killed a tentacled starspawn
  6844 | Abyss:1  | Noticed a tentacled starspawn
  6849 | Abyss:1  | Killed a tentacled starspawn
  6986 | Abyss:1  | Found a broken altar of Ashenzari.
  7005 | Abyss:1  | Reached XP level 17. HP: 156/156 MP: 18/18
  7032 | Abyss:1  | Noticed a lich
  7045 | Abyss:1  | Killed a lich
  7111 | Abyss:1  | Noticed a tentacled starspawn
  7183 | Abyss:1  | Noticed a tentacled starspawn
  7189 | Abyss:1  | Killed a tentacled starspawn
  7226 | Abyss:1  | Paralysed by accursed screaming for 1 turns
  7240 | Abyss:1  | Reached skill level 10 in Stealth
  7247 | Abyss:1  | Lost mutation: Your muscles are strong. (Str +4, Int/Dex
                  | -1) [Jiyva's grace]
  7247 | Abyss:1  | Lost mutation: Your body has grown eyes which may confuse
                  | attackers. (Acc +3) [Jiyva's grace]
  7247 | Abyss:1  | Gained mutation: You passively map a large area around you.
                  | [Jiyva's grace]
  7247 | Abyss:1  | Gained mutation: You are covered in fur. (AC +1) [Jiyva's
                  | grace]
  7247 | Abyss:1  | Gained mutation: You are covered in thick fur. (AC +2)
                  | [Jiyva's grace]
  7247 | Abyss:1  | Gained mutation: Your thick and shaggy fur keeps you warm.
                  | (AC +3, rC+) [Jiyva's grace]
  7284 | Abyss:1  | Noticed a green draconian monk
  7295 | Abyss:1  | Killed a green draconian monk
  7420 | Abyss:1  | Noticed a tentacled starspawn
  7430 | Abyss:1  | Killed a tentacled starspawn
  7440 | Depths:2 | Escaped the Abyss
  7442 | Depths:2 | Voluntarily entered the Abyss.
  7442 | Abyss:1  | Found a corrupted altar of Lugonu.
  7514 | Abyss:1  | Noticed an Executioner
  7530 | Abyss:1  | Found a corrupted altar of Lugonu.
  7565 | Abyss:1  | Reached skill level 5 in Evocations
  7596 | Abyss:1  | Noticed a tentacled starspawn
  7610 | Abyss:1  | Killed a tentacled starspawn
  7747 | Abyss:1  | Found a corrupted altar of Lugonu.
  7773 | Abyss:1  | Found a corrupted altar of Lugonu.
  7773 | Abyss:1  | Found a corrupted altar of Lugonu.
  7814 | Abyss:1  | Lost mutation: You passively map a large area around you.
                  | [Jiyva's grace]
  7814 | Abyss:1  | Lost mutation: Your thick and shaggy fur keeps you warm.
                  | (AC +3, rC+) [Jiyva's grace]
  7814 | Abyss:1  | Lost mutation: Your gelatinous body deflects attacks. (AC
                  | +3, EV +3) [Jiyva's grace]
  7814 | Abyss:1  | Lost mutation: You are covered in slimy tendrils that may
                  | disarm your opponents. [Jiyva's grace]
  7814 | Abyss:1  | Gained mutation: Your flesh is heat resistant. (rF+)
                  | [Jiyva's grace]
  7814 | Abyss:1  | Gained mutation: Your flesh is very heat resistant. (rF++)
                  | [Jiyva's grace]
  7814 | Abyss:1  | Gained mutation: Your flesh is almost immune to the effects
                  | of heat. (rF+++) [Jiyva's grace]
  7814 | Abyss:1  | Gained mutation: You passively dampen the noise of your
                  | surroundings. [Jiyva's grace]
  7818 | Abyss:1  | Noticed a tentacled starspawn
  7823 | Abyss:1  | Killed a tentacled starspawn
  7876 | Abyss:1  | Noticed a tentacled starspawn
  7892 | Abyss:1  | Killed a tentacled starspawn
  7971 | Abyss:1  | Gained mutation: You passively map a large area around you.
                  | [Meteoran growth]
  7971 | Abyss:1  | Reached XP level 18. HP: 166/166 MP: 19/19
  7993 | Abyss:1  | Noticed a tentacled starspawn
  8004 | Abyss:1  | Killed a tentacled starspawn
  8096 | Abyss:1  | Noticed a tentacled starspawn
  8103 | Abyss:1  | Killed a tentacled starspawn
  8442 | Abyss:2  | Noticed a tentacled starspawn
  8448 | Abyss:2  | Killed a tentacled starspawn
  8495 | Abyss:2  | Lost mutation: Your flesh is almost immune to the effects
                  | of heat. (rF+++) [Jiyva's grace]
  8495 | Abyss:2  | Lost mutation: Your pliable body absorbs attacks. (AC +2,
                  | EV +2) [Jiyva's grace]
  8495 | Abyss:2  | Lost mutation: Armour fits poorly on your pseudopods.
                  | [Jiyva's grace]
  8495 | Abyss:2  | Lost mutation: You passively dampen the noise of your
                  | surroundings. [Jiyva's grace]
  8495 | Abyss:2  | Gained mutation: Your movements are slightly less
                  | encumbered by armour. (ER -2) [Jiyva's grace]
  8495 | Abyss:2  | Gained mutation: Your movements are less encumbered by
                  | armour. (ER -4) [Jiyva's grace]
  8495 | Abyss:2  | Gained mutation: Your movements are significantly less
                  | encumbered by armour. (ER -6) [Jiyva's grace]
  8495 | Abyss:2  | Gained mutation: You are partially covered in iridescent
                  | scales. (AC +2) [Jiyva's grace]
  8597 | Abyss:2  | Noticed a tentacled starspawn
  8602 | Abyss:2  | Killed a tentacled starspawn
  8629 | Abyss:2  | Reached skill level 19 in Ranged Weapons
  8713 | Abyss:2  | Noticed a tentacled starspawn
  8714 | Abyss:2  | Noticed a tentacled starspawn
  8719 | Abyss:2  | Killed a tentacled starspawn
  8723 | Abyss:2  | Noticed a tentacled starspawn
  8723 | Abyss:2  | Killed a tentacled starspawn
  8728 | Abyss:2  | Killed a tentacled starspawn
  8964 | Abyss:2  | Noticed a tentacled starspawn
  8969 | Abyss:2  | Killed a tentacled starspawn
  9049 | Abyss:2  | Reached XP level 19. HP: 174/174 MP: 20/20
  9077 | Abyss:2  | Found a corrupted altar of Lugonu.
  9095 | Abyss:2  | Noticed a bone dragon
  9133 | Abyss:2  | Found a corrupted altar of Lugonu.
  9157 | Abyss:2  | Killed a bone dragon
  9337 | Abyss:2  | Gained mutation: Potions are less effective at restoring
                  | your health. [a cacodemon]
  9361 | Abyss:2  | Found a corrupted altar of Lugonu.
  9361 | Abyss:2  | Found a corrupted altar of Lugonu.
  9361 | Abyss:2  | Found a corrupted altar of Lugonu.
  9458 | Abyss:2  | Found a corrupted altar of Lugonu.
  9477 | Abyss:2  | Reached skill level 20 in Ranged Weapons
  9541 | Abyss:2  | Noticed a bone dragon
  9562 | Abyss:2  | Killed a bone dragon
  9574 | Abyss:2  | Lost mutation: Your flesh is very heat resistant. (rF++)
                  | [Jiyva's grace]
  9574 | Abyss:2  | Lost mutation: You are highly strong-willed. (Will++)
                  | [Jiyva's grace]
  9574 | Abyss:2  | Lost mutation: Potions are less effective at restoring your
                  | health. [Jiyva's grace]
  9574 | Abyss:2  | Gained mutation: Your body has grown eyes which may confuse
                  | attackers. (Acc +3) [Jiyva's grace]
  9574 | Abyss:2  | Gained mutation: Your body has grown many eyes which may
                  | confuse attackers. (Acc +5) [Jiyva's grace]
  9574 | Abyss:2  | Gained mutation: Your body is covered in eyes which may
                  | confuse attackers. (Acc +7, SInv) [Jiyva's grace]
  9574 | Abyss:2  | Gained mutation: You are mostly covered in iridescent
                  | scales. (AC +4) [Jiyva's grace]
  9588 | Abyss:2  | Noticed a bone dragon
  9610 | Abyss:2  | Killed a bone dragon
  9783 | Abyss:2  | Found a corrupted altar of Lugonu.
  9791 | Abyss:2  | Found a corrupted altar of Lugonu.
  9791 | Abyss:2  | Found a corrupted altar of Lugonu.
  9832 | Abyss:2  | Noticed a lich
  9848 | Abyss:2  | Killed a lich
  9857 | Abyss:2  | Reached XP level 20. HP: 185/185 MP: 21/21
  9902 | Abyss:2  | Lost mutation: You possess an exceptional clarity of mind.
                  | [a cacodemon]
  9963 | Abyss:2  | Noticed a lich
  9972 | Abyss:2  | Killed a lich
 10093 | Abyss:2  | Noticed a tentacled monstrosity
 10105 | Abyss:2  | Killed a tentacled monstrosity
 10114 | Abyss:2  | Reached skill level 21 in Ranged Weapons
 10165 | Abyss:2  | Found a corrupted altar of Lugonu.
 10169 | Abyss:2  | Noticed a lich
 10174 | Abyss:2  | Killed a lich
 10218 | Abyss:2  | Found a corrupted altar of Lugonu.
 10333 | Abyss:2  | Found a corrupted altar of Lugonu.
 10335 | Abyss:2  | Found a corrupted altar of Lugonu.
 10335 | Abyss:2  | Found a corrupted altar of Lugonu.
 10335 | Abyss:2  | Found a corrupted altar of Lugonu.
 10335 | Abyss:2  | Found a corrupted altar of Lugonu.
 10335 | Abyss:2  | Found a corrupted altar of Lugonu.
 10567 | Abyss:2  | Lost mutation: Your flesh is heat resistant. (rF+) [Jiyva's
                  | grace]
 10567 | Abyss:2  | Lost mutation: You are covered in thick fur. (AC +2)
                  | [Jiyva's grace]
 10567 | Abyss:2  | Lost mutation: Your body is covered in eyes which may
                  | confuse attackers. (Acc +7, SInv) [Jiyva's grace]
 10567 | Abyss:2  | Gained mutation: You have a pair of small antennae on your
                  | head. [Jiyva's grace]
 10567 | Abyss:2  | Gained mutation: You have a pair of antennae on your head.
                  | [Jiyva's grace]
 10567 | Abyss:2  | Gained mutation: You have a pair of large antennae on your
                  | head. (SInv) [Jiyva's grace]
 10567 | Abyss:2  | Gained mutation: Your translucent skin slightly reduces
                  | your foes' accuracy. (Stealth+) [Jiyva's grace]
 10675 | Abyss:2  | Noticed a dread lich
 10689 | Abyss:2  | Killed a dread lich
 10716 | Abyss:2  | Noticed a lich
 10721 | Abyss:2  | Noticed a tentacled monstrosity
 10727 | Abyss:2  | Killed a lich
 10743 | Abyss:2  | Killed a tentacled monstrosity
 10796 | Abyss:2  | Noticed a hellephant
 10813 | Abyss:2  | Killed a hellephant
 10825 | Abyss:2  | Reached skill level 22 in Ranged Weapons
 10859 | Abyss:2  | Reached XP level 21. HP: 195/195 MP: 22/22
 10897 | Abyss:2  | Noticed an ancient lich
 10911 | Abyss:2  | Killed an ancient lich
 10992 | Abyss:2  | Noticed a dread lich
 11007 | Abyss:2  | Paralysed by a dread lich for 4 turns
 11017 | Abyss:2  | Killed a dread lich
 11577 | Abyss:2  | Noticed a profane servitor
 11590 | Abyss:2  | Killed a profane servitor
 11639 | Abyss:2  | Identified the +1 great sword of Icro {freeze, rN+ Str+3}
 11787 | Abyss:2  | Reached skill level 1 in Spellcasting
 11787 | Abyss:2  | Reached skill level 1 in Hexes
 11787 | Abyss:2  | Reached skill level 1 in Translocations
 11949 | Abyss:2  | Lost mutation: You have a pair of large antennae on your
                  | head. (SInv) [Jiyva's grace]
 11949 | Abyss:2  | Lost mutation: Your translucent skin slightly reduces your
                  | foes' accuracy. (Stealth+) [Jiyva's grace]
 11949 | Abyss:2  | Lost mutation: Your movements are significantly less
                  | encumbered by armour. (ER -6) [Jiyva's grace]
 11949 | Abyss:2  | Gained mutation: You have acidic saliva. [Jiyva's grace]
 11949 | Abyss:2  | Gained mutation: You expend magic power (3 MP) to
                  | strengthen your wands. [Jiyva's grace]
 11949 | Abyss:2  | Gained mutation: You have a somewhat thin skeletal
                  | structure. (Dex +2, Stealth+) [Jiyva's grace]
 11949 | Abyss:2  | Gained mutation: You have a moderately thin skeletal
                  | structure. (Dex +4, Stealth++) [Jiyva's grace]
 11973 | Abyss:2  | Found a corrupted altar of Lugonu.
 11985 | Abyss:2  | Reached XP level 22. HP: 209/209 MP: 27/27
 12199 | Abyss:2  | Noticed a bone dragon
 12216 | Abyss:2  | Killed a bone dragon
 12281 | Abyss:2  | Reached skill level 10 in Evocations
 12317 | Abyss:2  | Paralysed by accursed screaming for 1 turns
 12324 | Abyss:2  | Paralysed by accursed screaming for 1 turns
 12345 | Abyss:2  | Paralysed by accursed screaming for 2 turns
 12445 | Abyss:2  | Noticed a bone dragon
 12455 | Abyss:2  | Killed a bone dragon
 12456 | Abyss:2  | Reached skill level 5 in Spellcasting
 12456 | Abyss:2  | Reached skill level 5 in Hexes
 12456 | Abyss:2  | Reached skill level 5 in Translocations
 12585 | Abyss:2  | Found a corrupted altar of Lugonu.
 12618 | Abyss:2  | Found a corrupted altar of Lugonu.
 12623 | Abyss:2  | Found a corrupted altar of Lugonu.
 12623 | Abyss:2  | Found a corrupted altar of Lugonu.
 12689 | Abyss:2  | Lost mutation: You have a pair of antennae on your head.
                  | [Jiyva's grace]
 12689 | Abyss:2  | Lost mutation: You are mostly covered in iridescent scales.
                  | (AC +4) [Jiyva's grace]
 12689 | Abyss:2  | Lost mutation: You have a moderately thin skeletal
                  | structure. (Dex +4, Stealth++) [Jiyva's grace]
 12689 | Abyss:2  | Lost mutation: You are covered in fur. (AC +1) [Jiyva's
                  | grace]
 12689 | Abyss:2  | Lost mutation: You expend magic power (3 MP) to strengthen
                  | your wands. [Jiyva's grace]
 12689 | Abyss:2  | Gained mutation: Your pliable body absorbs attacks. (AC +2,
                  | EV +2) [Jiyva's grace]
 12689 | Abyss:2  | Gained mutation: Your gelatinous body deflects attacks. (AC
                  | +3, EV +3) [Jiyva's grace]
 12689 | Abyss:2  | Gained mutation: Your movements are significantly less
                  | encumbered by armour. (ER -6) [Jiyva's grace]
 12689 | Abyss:2  | Gained mutation: You are partially covered in large bone
                  | plates. (SH +4) [Jiyva's grace]
 12697 | Abyss:2  | Found a corrupted altar of Lugonu.
 12864 | Abyss:2  | Learned a level 3 spell: Portal Projectile
 13082 | Abyss:2  | Noticed a bone dragon
 13093 | Abyss:2  | Killed a bone dragon
 13111 | Abyss:2  | Noticed a bone dragon
 13135 | Abyss:2  | Killed a bone dragon
 13314 | Abyss:2  | Noticed a bone dragon
 13327 | Abyss:2  | Killed a bone dragon
 13378 | Abyss:2  | Reached XP level 23. HP: 208/215 MP: 35/35
 13709 | Abyss:2  | Lost mutation: You are partially covered in iridescent
                  | scales. (AC +2) [Jiyva's grace]
 13709 | Abyss:2  | Lost mutation: You have acidic saliva. [Jiyva's grace]
 13709 | Abyss:2  | Lost mutation: Your body has grown many eyes which may
                  | confuse attackers. (Acc +5) [Jiyva's grace]
 13709 | Abyss:2  | Lost mutation: Your movements are significantly less
                  | encumbered by armour. (ER -6) [Jiyva's grace]
 13709 | Abyss:2  | Gained mutation: Your flesh is cold resistant. (rC+)
                  | [Jiyva's grace]
 13709 | Abyss:2  | Gained mutation: Your flesh is very cold resistant. (rC++)
                  | [Jiyva's grace]
 13709 | Abyss:2  | Gained mutation: Your flesh is almost immune to the effects
                  | of cold. (rC+++) [Jiyva's grace]
 13709 | Abyss:2  | Gained mutation: You have hidden genetic potential.
                  | [Jiyva's grace]
 13944 | Abyss:2  | Gained mutation: You are clumsy. (Dex -2) [a cacodemon]
 13955 | Abyss:2  | Noticed a bone dragon
 13956 | Abyss:2  | Reached skill level 10 in Armour
 13972 | Abyss:2  | Killed a bone dragon
 13973 | Abyss:2  | Reached skill level 10 in Spellcasting
 13990 | Abyss:2  | Noticed a bone dragon
 14007 | Abyss:2  | Noticed a profane servitor
 14017 | Abyss:2  | Killed a bone dragon
 14018 | Abyss:2  | Paralysed by accursed screaming for 1 turns
 14023 | Abyss:2  | Paralysed by accursed screaming for 2 turns
 14034 | Abyss:2  | Paralysed by accursed screaming for 2 turns
 14091 | Abyss:2  | Noticed a bone dragon
 14113 | Abyss:2  | Killed a bone dragon
 14318 | Abyss:2  | Lost mutation: You are clumsy. (Dex -2) [Jiyva's grace]
 14318 | Abyss:2  | Lost mutation: Your flesh is almost immune to the effects
                  | of cold. (rC+++) [Jiyva's grace]
 14318 | Abyss:2  | Lost mutation: Your flesh is very cold resistant. (rC++)
                  | [Jiyva's grace]
 14318 | Abyss:2  | Gained mutation: Your spells are a little harder to cast,
                  | but a little more powerful. [Jiyva's grace]
 14318 | Abyss:2  | Gained mutation: Your spells are harder to cast, but more
                  | powerful. [Jiyva's grace]
 14318 | Abyss:2  | Gained mutation: Your spells are much harder to cast, but
                  | much more powerful. [Jiyva's grace]
 14318 | Abyss:2  | Gained mutation: Your body has grown many eyes which may
                  | confuse attackers. (Acc +5) [Jiyva's grace]
 14475 | Abyss:2  | Noticed a dread lich
 14486 | Abyss:2  | Killed a dread lich
 14850 | Abyss:2  | Reached XP level 24. HP: 224/224 MP: 40/40
 14853 | Abyss:2  | Got the Enchiridion on Concussion
 14874 | Abyss:2  | Got the Codex of Impulse
 14881 | Abyss:2  | Got the Precepts of Degeneration
 14888 | Abyss:2  | Got the Secrets of the Gathering
 14904 | Abyss:2  | Got the Dissertation on the Burn
 14933 | Abyss:2  | Got Ekhoilat's Monograph on Diablerie
 14935 | Abyss:2  | Got the Volume of Poison
 14950 | Abyss:2  | Got the Book of Support
 14952 | Abyss:2  | Got Luluruach's Atlas of Congelation
 15020 | Abyss:2  | Found a corrupted altar of Lugonu.
 15045 | Abyss:2  | Noticed a profane servitor
 15064 | Abyss:2  | Killed a profane servitor
 15116 | Abyss:2  | Gained mutation: Your skin changes colour to match your
                  | surroundings (Stealth+). [hidden potential]
 15628 | Abyss:2  | Lost mutation: You are strong-willed. (Will+) [Jiyva's
                  | grace]
 15628 | Abyss:2  | Lost mutation: Your body has grown many eyes which may
                  | confuse attackers. (Acc +5) [Jiyva's grace]
 15628 | Abyss:2  | Lost mutation: Your gelatinous body deflects attacks. (AC
                  | +3, EV +3) [Jiyva's grace]
 15628 | Abyss:2  | Lost mutation: Your pliable body absorbs attacks. (AC +2,
                  | EV +2) [Jiyva's grace]
 15628 | Abyss:2  | Lost mutation: Your movements are less encumbered by
                  | armour. (ER -4) [Jiyva's grace]
 15628 | Abyss:2  | Gained mutation: You have supernaturally acute eyesight.
                  | (SInv) [Jiyva's grace]
 15628 | Abyss:2  | Gained mutation: A frigid envelope surrounds you and
                  | freezes all who hurt you. [Jiyva's grace]
 15628 | Abyss:2  | Gained mutation: You have a pair of antennae on your head.
                  | [Jiyva's grace]
 15628 | Abyss:2  | Gained mutation: You have a pair of large antennae on your
                  | head. (SInv) [Jiyva's grace]
 15654 | Abyss:2  | Noticed a profane servitor
 15680 | Abyss:2  | Killed a profane servitor
 16003 | Abyss:2  | Reached skill level 23 in Ranged Weapons
 16007 | Abyss:2  | Found a corrupted altar of Lugonu.
 16128 | Abyss:2  | Paralysed by accursed screaming for 2 turns
 16221 | Abyss:2  | Reached XP level 25. HP: 161/233 MP: 32/40
 16489 | Abyss:2  | Found a corrupted altar of Lugonu.
 16569 | Abyss:2  | Lost mutation: You have a somewhat thin skeletal structure.
                  | (Dex +2, Stealth+) [Jiyva's grace]
 16569 | Abyss:2  | Lost mutation: Your spells are much harder to cast, but
                  | much more powerful. [Jiyva's grace]
 16569 | Abyss:2  | Lost mutation: Your skin changes colour to match your
                  | surroundings (Stealth+). [Jiyva's grace]
 16569 | Abyss:2  | Gained mutation: Your translucent skin slightly reduces
                  | your foes' accuracy. (Stealth+) [Jiyva's grace]
 16569 | Abyss:2  | Gained mutation: Your translucent skin reduces your foes'
                  | accuracy. (Stealth+) [Jiyva's grace]
 16569 | Abyss:2  | Gained mutation: Your transparent skin significantly
                  | reduces your foes' accuracy. (Stealth+) [Jiyva's grace]
 16569 | Abyss:2  | Gained mutation: You are partially covered in iridescent
                  | scales. (AC +2) [Jiyva's grace]
 16577 | Abyss:2  | Gained mutation: Your mind is acute. (Int +4, Str/Dex -1)
                  | [hidden potential]
 16577 | Abyss:2  | Lost mutation: You have hidden genetic potential. [hidden
                  | potential expressed]
 16635 | Abyss:2  | Paralysed by you for 3 turns
 16694 | Abyss:2  | Found a hide-covered altar of Uskayaw.
 16963 | Abyss:2  | Lost mutation: Your spells are harder to cast, but more
                  | powerful. [a neqoxec]
 17102 | Abyss:2  | Reached skill level 24 in Ranged Weapons
 17445 | Abyss:2  | Lost mutation: You are partially covered in iridescent
                  | scales. (AC +2) [Jiyva's grace]
 17445 | Abyss:2  | Lost mutation: You have supernaturally acute eyesight.
                  | (SInv) [Jiyva's grace]
 17445 | Abyss:2  | Lost mutation: A frigid envelope surrounds you and freezes
                  | all who hurt you. [Jiyva's grace]
 17445 | Abyss:2  | Lost mutation: Your rubbery body absorbs attacks. (AC +1,
                  | EV +1) [Jiyva's grace]
 17445 | Abyss:2  | Lost mutation: Your transparent skin significantly reduces
                  | your foes' accuracy. (Stealth+) [Jiyva's grace]
 17445 | Abyss:2  | Gained mutation: You have hidden genetic potential.
                  | [Jiyva's grace]
 17445 | Abyss:2  | Gained mutation: You have great hidden genetic potential.
                  | [Jiyva's grace]
 17445 | Abyss:2  | Gained mutation: You have sharp fingernails. [Jiyva's
                  | grace]
 17445 | Abyss:2  | Gained mutation: You have very sharp fingernails. [Jiyva's
                  | grace]
 17446 | Abyss:2  | Found a corrupted altar of Lugonu.
 17457 | Abyss:2  | Found a corrupted altar of Lugonu.
 17457 | Abyss:2  | Found a corrupted altar of Lugonu.
 17645 | Abyss:2  | Found a corrupted altar of Lugonu.
 17689 | Abyss:2  | Found a corrupted altar of Lugonu.
 17695 | Abyss:2  | Found a corrupted altar of Lugonu.
 17710 | Abyss:2  | Paralysed by accursed screaming for 1 turns
 17745 | Abyss:2  | Found a corrupted altar of Lugonu.
 17796 | Abyss:2  | Reached XP level 26. HP: 244/244 MP: 40/40
 17830 | Abyss:2  | Noticed an ancient lich
 17842 | Abyss:2  | Killed an ancient lich
 18295 | Abyss:2  | Found a corrupted altar of Lugonu.
 18467 | Abyss:2  | Reached skill level 25 in Ranged Weapons
 18490 | Abyss:2  | Lost mutation: You have a pair of large antennae on your
                  | head. (SInv) [Jiyva's grace]
 18490 | Abyss:2  | Lost mutation: You are partially covered in large bone
                  | plates. (SH +4) [Jiyva's grace]
 18490 | Abyss:2  | Lost mutation: You have great hidden genetic potential.
                  | [Jiyva's grace]
 18490 | Abyss:2  | Gained mutation: Your melee attacks may engulf your foes in
                  | ooze. [Jiyva's grace]
 18490 | Abyss:2  | Gained mutation: You have a small jelly attached to you
                  | that may absorb projectiles. [Jiyva's grace]
 18490 | Abyss:2  | Gained mutation: Your mind is very acute. (Int +8, Str/Dex
                  | -2) [Jiyva's grace]
 18490 | Abyss:2  | Gained mutation: You are strong-willed. (Will+) [Jiyva's
                  | grace]
 18574 | Abyss:2  | Found a corrupted altar of Lugonu.
 18578 | Abyss:2  | Found a corrupted altar of Lugonu.
 18578 | Abyss:2  | Found a corrupted altar of Lugonu.
 18626 | Abyss:2  | Found a corrupted altar of Lugonu.
 18634 | Abyss:2  | Found a corrupted altar of Lugonu.
 18634 | Abyss:2  | Found a corrupted altar of Lugonu.
 18692 | Abyss:2  | Found a corrupted altar of Lugonu.
 18901 | Abyss:2  | Found a bloodstained altar of Trog.
 19104 | Abyss:2  | Identified the +4 flail of Annihilation {drain, rCorr Str+3
                  | Stlth+}
 19223 | Abyss:2  | Noticed an ancient lich
 19229 | Abyss:2  | Killed an ancient lich
 19288 | Abyss:2  | Lost mutation: You have very sharp fingernails. [Jiyva's
                  | grace]
 19288 | Abyss:2  | Lost mutation: Your mind is very acute. (Int +8, Str/Dex
                  | -2) [Jiyva's grace]
 19288 | Abyss:2  | Lost mutation: Your spells are a little harder to cast, but
                  | a little more powerful. [Jiyva's grace]
 19288 | Abyss:2  | Lost mutation: Your translucent skin reduces your foes'
                  | accuracy. (Stealth+) [Jiyva's grace]
 19288 | Abyss:2  | Lost mutation: Your translucent skin slightly reduces your
                  | foes' accuracy. (Stealth+) [Jiyva's grace]
 19288 | Abyss:2  | Lost mutation: You have hidden genetic potential. [Jiyva's
                  | grace]
 19288 | Abyss:2  | Lost mutation: Your movements are slightly less encumbered
                  | by armour. (ER -2) [Jiyva's grace]
 19288 | Abyss:2  | Gained mutation: Your body has grown many eyes which may
                  | confuse attackers. (Acc +5) [Jiyva's grace]
 19288 | Abyss:2  | Gained mutation: Your body is covered in eyes which may
                  | confuse attackers. (Acc +7, SInv) [Jiyva's grace]
 19288 | Abyss:2  | Gained mutation: You are partially covered in iridescent
                  | scales. (AC +2) [Jiyva's grace]
 19288 | Abyss:2  | Gained mutation: You are mostly covered in iridescent
                  | scales. (AC +4) [Jiyva's grace]
 19838 | Abyss:2  | Reached XP level 27. HP: 254/254 MP: 40/40
 19904 | Abyss:2  | Lost mutation: You are mostly covered in iridescent scales.
                  | (AC +4) [Jiyva's grace]
 19904 | Abyss:2  | Lost mutation: Your body is covered in eyes which may
                  | confuse attackers. (Acc +7, SInv) [Jiyva's grace]
 19904 | Abyss:2  | Lost mutation: Your melee attacks may engulf your foes in
                  | ooze. [Jiyva's grace]
 19904 | Abyss:2  | Gained mutation: You are mostly covered in iridescent
                  | scales. (AC +4) [Jiyva's grace]
 19904 | Abyss:2  | Gained mutation: You are completely covered in iridescent
                  | scales. (AC +6) [Jiyva's grace]
 19904 | Abyss:2  | Gained mutation: Your rubbery body absorbs attacks. (AC +1,
                  | EV +1) [Jiyva's grace]
 19904 | Abyss:2  | Gained mutation: Your pliable body absorbs attacks. (AC +2,
                  | EV +2) [Jiyva's grace]
 20066 | Abyss:2  | Reached skill level 26 in Ranged Weapons
 20311 | Depths:2 | Escaped the Abyss
 20406 | Depths:2 | Found the +8 lance "Wyrmbane" {slay drac, rPois rF+ rC+
                  | AC+3}
 20413 | Depths:2 | Found a runed translucent door.
 20484 | Depths:3 | Noticed Jory
 20493 | Depths:3 | Killed Jory
 20515 | Depths:4 | Entered Level 4 of the Depths
 20515 | Depths:4 | Found Oda Quuk's Antique Armour Shop.
 20536 | Depths:4 | Found Xityun's Distillery.
 20568 | Depths:4 | Bought a potion of heal wounds for 100 gold pieces
 20568 | Depths:4 | Bought a potion of haste for 200 gold pieces
 20568 | Depths:4 | Bought a potion of curing for 60 gold pieces
 20568 | Depths:4 | Bought a potion of flight for 60 gold pieces
 20572 | Depths:4 | Found a portal to a secret trove of treasure.
 20604 | Depths:4 | Identified the ring of Ofusoa {Ice rPois Str+4}
 20604 | Depths:4 | Noticed Josephina
 20621 | Depths:4 | Killed Josephina
 20631 | Depths:4 | Identified the +1 tower shield of Apathy {rN+ SInv}
 20749 | Depths:4 | Lost mutation: You are completely covered in iridescent
                  | scales. (AC +6) [Jiyva's grace]
 20749 | Depths:4 | Gained mutation: You are covered in slimy tendrils that may
                  | disarm your opponents. [Jiyva's grace]
 20749 | Depths:4 | Gained mutation: You are highly strong-willed. (Will++)
                  | [Jiyva's grace]
 20749 | Depths:4 | Gained mutation: You are extremely strong-willed. (Will+++)
                  | [Jiyva's grace]
 20749 | Depths:4 | Gained mutation: You are somewhat resistant to further
                  | mutation. [Jiyva's grace]
 20931 | Depths:3 | You fall into a shaft and drop 1 floor!
 21047 | Depths:4 | Found Acawyug's Armour Shoppe.
 21282 | Depths:2 | Found a one-way gateway to a ziggurat.
 21306 | Zig:1    | Entered Level 1 of a ziggurat
 21324 | Zig:2    | Entered Level 2 of a ziggurat
 21351 | Zig:3    | Entered Level 3 of a ziggurat
 21374 | Zig:3    | Identified the ring "Safaator" {rElec rF+}
 21397 | Zig:4    | Entered Level 4 of a ziggurat
 21429 | Zig:4    | Identified the +11 demon trident of Paqev {vamp, rCorr SInv
                  | Stlth+}
 21436 | Zig:5    | Entered Level 5 of a ziggurat
 21471 | Zig:5    | Identified the staff of poison "Ypnios" {*Corrode rPois
                  | Int+3 Stlth+}
 21494 | Zig:6    | Entered Level 6 of a ziggurat
 21520 | Zig:6    | Found the +4 consecrated labrys {holy, Valiant Fragile Fly
                  | SInv}
 21529 | Zig:6    | Got the Octavo of the Congregation
 21546 | Zig:7    | Entered Level 7 of a ziggurat
 21595 | Zig:7    | Noticed Hodimoyj the pandemonium lord
 21595 | Zig:7    | Noticed a Killer Klown
 21608 | Zig:7    | Killed Hodimoyj the pandemonium lord
 21616 | Zig:7    | Killed a Killer Klown
 21626 | Zig:7    | Identified the +0 battleaxe "Meteoran's Peril" {venom,
                  | rElec rN++ MP+9}
 21646 | Zig:7    | Learned a level 1 spell: Apportation
 21649 | Zig:7    | Learned a level 2 spell: Passwall
 21653 | Zig:8    | Entered Level 8 of a ziggurat
 21708 | Zig:8    | Found the +5 demon whip "Spellbinder" {antimagic, disrupt,
                  | Will+}
 21710 | Zig:8    | HP: 4/258 [hellion/damnation (24)]
 21710 | Zig:8    | Killed from afar by a Tzitzimitl

Illustrated notes

Levels and vault maps discovered:
D:1:      spicycebolla_arrival_xxxplode, layout_rooms
D:2:      layout_basic, chequers_ecumenical_altar_simple, cheibrodos_gnoll_hut
D:3:      layout_loops_ring, chequers_temple_overflow_statue_of_worship,
          nicolae_figureground_sparkle
D:4:      layout_basic, jmf_multi_god_temple2, portal_sewer_entry_d
D:5:      minmay_bubble_buster, layout_loops_corners, minmay_temple_entry_ruins,
          grunt_ministairs_6, uniq_grinder
D:6:      layout_loops_corners
D:7:      minmay_inner_zag, layout_cave_pools
D:8:      layout_basic, okawaru_humans, david_lair_shrubbed, serial_glass,
          glass_columns_a, glass_columns_a, enter_bailey_3, hex_intersection,
          serial_bayou_pond_a
D:9:      layout_rooms
D:10:     layout_roguey, serial_bayou_lake_a, uniq_harold
D:11:     layout_long_grid, david_orc_1_choice,
          nicolae_ru_great_annihilating_truth
D:12:     layout_long_grid, serial_co_window_serial, co_window_paths_a,
          co_window_paths_a, co_window_paths_a, co_window_corner_a,
          co_window_corner_a, co_window_cross_1, co_window_paths_b,
          co_window_paths_b, co_window_paths_b, co_window_2corner,
          co_window_broadway_c, co_window_2corner, co_window_unsneaky_path_a,
          glass_columns_a, glass_columns_b, glass_columns_a, serial_shops,
          nicolae_shop_hallway_stairs
D:13:     layout_basic, david_vaults_1, hangedman_tell_no_tales, uniq_erolcha,
          uniq_urug
D:14:     layout_roguey, chequers_serial_rivers_micro_c, gauntlet_entry_generic
D:15:     gammafunk_depths_entry_grave, layout_basic, nicolae_wwwww, uniq_azrael
Depths:1: layout_gridville, grunt_hell_entry_dis_grunt, minmay_misc_feat_rugged,
          nicolae_shop_i_like_small_books_too, zin_statuary
Depths:2: cheibrodos_leafed_vault, layout_cross, enter_ziggurat_f,
          pf_coc_iceberg, serial_shops, kennysheep_mini, grunt_pan_entry_zigzag,
          abyss_entry, minmay_acid_items
Depths:3: evilmike_diamond_2, layout_long_grid, minmay_room_of_horrors,
          nicolae_uskayaw_en_pointe, hell_entry, minmay_guarded_unrand_tortoise,
          minmay_shop_grove, uniq_jory
Depths:4: grunt_zot_entry_bicorn, layout_basic, nicolae_trove_entry_crossroad,
          chequers_serial_rivers_large_a, serial_shops,
          nicolae_shop_back_alley_shop, shop, shop, nicolae_shop_peninsula,
          nicolae_shop_scrapyard, grunt_hell_horde, uniq_josephina
Zig:8

Skill      XL: |  1  2  3  4  5  6  7  8  9 10 11 12 13 14 15 16 17 18 19 20 21 22 23 24 25 26 27 |
---------------+----------------------------------------------------------------------------------+-----
Stealth        | 1 2 3 5 6 8 9 10 11 12 13 | 13.0
Ranged Weapons | 5 6 8 10 12 13 15 16 18 19 20 22 23 24 25 26 | 26.5
Dodging        | 3 4 5 7 8 10 12 14 15 16 17 18 20 21 22 23 | 23.5
Fighting       | 3 4 5 6 8 10 12 14 15 16 17 18 20 21 22 23 | 23.0
Armour         | 4 5 8 12 13 | 13.0
Evocations     | 4 6 8 10 11 12 | 12.0
Spellcasting   | 3 7 12 | 12.0
Hexes          | 3 7 8 |  8.0
Translocations | 3 7 8 |  8.0
Transmutations | |  0.2
Earth Magic    | |  0.2

Action                     |  1- 3 |  4- 6 |  7- 9 | 10-12 | 13-15 | 16-18 | 19-21 | 22-24 | 25-27 || total
---------------------------+-------+-------+-------+-------+-------+-------+-------+-------+-------++-------
  Melee: Unarmed           |       |       |       |       |       |       |       |       |     2 ||     2
   Fire: Shortbow          |    36 |       |       |       |       |       |       |       |       ||    36
         Sling             |    17 |    68 |   146 |   125 |       |       |       |       |       ||   356
         Longbow           |       |       |       |   235 |   583 |  1045 |  1262 |  1704 |  1998 ||  6827
         Greatsling        |       |       |       |       |     2 |       |       |       |       ||     2
  Throw: Throwing net      |       |       |     1 |     1 |       |       |       |       |       ||     2
         Dart              |       |       |       |     1 |       |       |       |       |       ||     1
 Invoke: Oozemancy         |       |       |       |       |     1 |       |     2 |     7 |     6 ||    16
         Slimify           |       |       |       |       |       |       |       |       |     1 ||     1
  Evoke: Wand              |       |       |       |     1 |       |       |       |       |     2 ||     3
         Tin of tremorston |       |       |       |       |       |     2 |     1 |     3 |     3 ||     9
    Use: Scroll            |       |     1 |       |    10 |     4 |       |     1 |     2 |    16 ||    34
         Potion            |       |       |       |       |       |       |       |     1 |       ||     1
 Armour: Leather armour    |    10 |     5 |     2 |       |       |       |       |       |       ||    17
         Robe              |       |       |    10 |    24 |     8 |       |       |       |       ||    42
         Troll leather arm |       |       |       |       |    14 |       |       |       |       ||    14
         Scale mail        |       |       |       |       |    27 |    38 |   121 |   136 |   157 ||   479
  Dodge: Dodged            |    19 |    10 |    31 |    92 |   204 |   345 |   544 |   917 |  1244 ||  3406
  Block: Other             |       |       |       |       |       |       |       |   101 |    70 ||   171
